 Dungeon Crawl Stone Soup version 0.28-a0-983-g1de4e0787c (webtiles) character file.

Game seed: 11399668396522768748

22 GregHouse the Chopper (level 2, -4/27 HPs)
             Began as a Hill Orc Monk on Dec 3, 2021.
             Succumbed to a goblin's poison
             ... on level 1 of the Dungeon.
             The game lasted 00:01:33 (662 turns).

GregHouse the Chopper (Hill Orc Monk)                Turns: 662, Time: 00:01:33

Health: -4/27      AC:  2    Str: 13    XL:     2   Next: 91%
Magic:  2/2        EV: 12    Int: 10    God:
Gold:   55         SH:  0    Dex: 13    Spells: 1/1 levels left

rFire   . . .      SeeInvis .   a - +0 hand axe
rCold   . . .      Faith    .   (no shield)
rNeg    . . .      Spirit   .   b - +0 robe
rPois   .          Reflect  .   (no helmet)
rElec   .          Harm     .   (no cloak)
rCorr   +          Rampage  .   (no gloves)
Will    .....                   (no boots)
Stlth   ++........              (no amulet)
HPRegen 0.09/turn               d - ring of resist corrosion
MPRegen 0.08/turn               (no ring)

@: lethally poisoned (-4 -> -27)
A: no striking features
a: no special abilities


You were on level 1 of the Dungeon.
You visited 1 branch of the dungeon, and saw 2 of its levels.

You collected 55 gold pieces.

Inventory:

Hand Weapons
 a - a +0 hand axe (weapon)
 f - a +0 arbalest
Missiles
 c - 5 stones (quivered)
Armour
 b - a +0 robe (worn)
Jewellery
 d - a ring of resist corrosion (left hand)
Scrolls
 g - a scroll of teleportation {unknown}
 h - a scroll of fog {unknown}
Potions
 e - 2 potions of brilliance {unknown}


   Skills:
 + Level 4.1 Fighting
 + Level 4.5 Axes
 + Level 2.7 Dodging
 + Level 1.6 Stealth


You had one spell level left.
You didn't know any spells.
Your spell library was empty.

Dungeon Overview and Level Annotations

Branches:
Dungeon (2/15)

Altars:


Message History

You completely miss the endoplasm. The endoplasm freezes you.
You are frozen.
You hit the endoplasm.
The endoplasm is moderately wounded.
The endoplasm freezes you.
You are frozen.
You barely miss the endoplasm.
The endoplasm is moderately wounded.
The endoplasm hits you.
You hit the endoplasm.
You kill the endoplasm!
You barely miss the goblin.
The goblin hits you with a +1 dagger of venom.
You are poisoned.
You hit the goblin.
The goblin is heavily wounded.
You feel sick.
The goblin hits you with a +1 dagger of venom.
You are more poisoned.
You hit the goblin but do no damage.
The goblin is heavily wounded.
You feel very sick. The goblin completely misses you.
You closely miss the goblin.
The goblin is heavily wounded.
You feel sick.
The goblin hits you with a +1 dagger of venom.
* * * LOW HITPOINT WARNING * * *
You are more poisoned.
You closely miss the goblin.
The goblin is heavily wounded.
* * * LOW HITPOINT WARNING * * *
You feel very sick.
The goblin hits you with a +1 dagger of venom.
* * * LOW HITPOINT WARNING * * *
You are more poisoned.
You barely miss the goblin.
The goblin is heavily wounded.
You die...

### .. .#
########.###=.. ##
#...†@g........ .#
#†######.#.....
.######## #.# .g. ...
........####.####
J.... #
.######.........#
..#...# .#
#................##..#
.# #.######.##.###.##
#.. .# #.# #.##.# ..
.. .# #.# #.#..#


You could see a goblin.

Vanquished Creatures
  A dart slug (D:1)
  An endoplasm (D:1)
  2 giant cockroaches (D:1)
  3 goblins (D:1)
  A hobgoblin (D:1)
  2 kobolds (D:1)
  A quokka (D:1)
  3 ball pythons
  3 bats (D:1)
  A frilled lizard (D:1)
18 creatures vanquished.

Notes
Turn   | Place    | Note
-------+----------+-------------------------------------------
     0 | D:1      | GregHouse the Hill Orc Monk began the quest for the Orb.
     0 | D:1      | Reached XP level 1. HP: 19/19 MP: 1/1
   168 | D:1      | Reached XP level 2. HP: 25/27 MP: 2/2
   661 | D:1      | HP: 1/27 [goblin (2)]
   662 | D:1      | Succumbed to a goblin's poison

Illustrated notes

Levels and vault maps discovered:
D:1:      dpeg_arrival_erosion, layout_loops_ring,
          ebering_ecumenical_altar_abandoned, minmay_split_cup_small
D:2:      layout_rooms

Skill      XL: |  1  2 |
---------------+-------+-----
Fighting       | 4 |  4.1
Axes           | |  4.5
Dodging        | |  2.7
Stealth        | |  1.6

Action                   || total
-------------------------++-------
Melee: Hand axe          ||    78
 Stab: Sleeping          ||     2
Armor: Robe              ||    14
Dodge: Dodged            ||    60

Table legend: (Time is in decaauts)
 A = Elapsed time spent in this place.
 B = Non-inter-level travel time spent in this place.
 C = Inter-level travel time spent in this place.
 D = Time resting spent in this place.
 E = Time spent auto-exploring this place.
 F = Levels seen in this place.
 G = Mean time per level.
                   A        B        C        D        E       F      G
               +--------+--------+--------+--------+--------+-----+--------+
         Total |    668 |    668 |      0 |    174 |    306 |   2 |  334.0 |
       Dungeon |    668 |    668 |      0 |    174 |    306 |   2 |  334.0 |
               +--------+--------+--------+--------+--------+-----+--------+

Top non-repeatable levels by time:
     D:1: 660 daAuts
     D:2: 7 daAuts
